Map: Catalyst LE

Players

scorplingg

  • Race: Zerg Zerg
  • Spawn Location: 11:00

Bly - Winner!

  • Race: Zerg Zerg
  • Spawn Location: 5:00

Event: WCS Austin 2018

VOD

Have the link to the VOD?

Description

Time

  • Played on: June 1, 2018, 1:22 p.m.
  • Length: 4:44

All games in this series

Show
View Real Time Build Order
Export as new Build Order

scorplingg Zerg 

Build Orders: Hatch First 

Get SALT Encoding   

  12  0:01  Drone  
  13  0:12  Overlord  
  13  0:17  Drone  
  14  0:31  Drone x2  
  14  0:35  Drone  
  17  0:54  Hatchery  
  17  0:56  Drone  
  17  0:59  Extractor  
  17  1:02  Drone  
  17  1:15  Spawning Pool  
  16  1:19  Drone  
  16  1:22  Drone  
  18  1:28  Drone  
  19  1:40  Drone  
  20  1:52  Overlord  
  20  2:02  Zergling x2  
  20  2:03  Metabolic Boost  
  20  2:07  Zergling x2  
  22  2:08  Queen  
  22  2:11  Overlord  
  24  2:19  Baneling Nest  
  23  2:23  Zergling x2  
  23  2:24  Zergling x2  
  25  2:33  Zergling x2  
  25  2:49  Zergling x2  
  25  2:55  Queen, Zergling x2  
  22  3:10  Zergling x2  
  18  3:21  Zergling x2  
  18  3:25  Zergling x2  
  18  3:26  Zergling x4  
  22  3:28  Zergling x2  
  23  3:38  Zergling x2  
  24  3:49  Overlord  
  23  3:59  Hatchery  
  21  4:07  Zergling x2  
  21  4:08  Zergling x6  
  21  4:21  Zergling x2  
Show
View Real Time Build Order
Export as new Build Order

Bly Zerg - Winner!

Build Orders: Pool First 

Get SALT Encoding   

  12  0:17  Spawning Pool  
  11  0:24  Drone  
  12  0:29  Drone  
  12  0:33  Drone  
  14  0:45  Overlord  
  14  1:04  Zergling x2  
  14  1:05  Zergling x2  
  14  1:08  Zergling x2  
  18  1:18  Zergling x2  
  18  1:21  Hatchery  
  17  1:29  Zergling x2  
  18  1:35  Queen  
  20  1:42  Zergling x2  
  21  1:50  Overlord  
  21  2:01  Drone  
  22  2:10  Queen  
  22  2:12  Drone  
  25  2:29  Drone  
  26  2:33  Drone x2, Queen  
  30  2:43  Drone x2  
  30  2:44  Drone  
  32  2:53  Overlord  
  32  2:57  Queen  
  32  3:08  Spine Crawler  
  29  3:21  Zergling x14  
  29  3:23  Zergling x2  
  36  3:29  Zergling x4  
  36  3:32  Zergling x2  
  39  3:38  Zergling x4  
  41  3:45  Zergling x4  
  43  3:51  Overlord  
  45  4:12  Zergling x12  
  45  4:21  Zergling x6  
Tags
 
Add a new tag
Caveats
  • Supply blocks, unpowered buildings, or Contaminate may cause inaccurate times.
  • Supply counts are checked every 10 seconds.